[ AOE2 MATCH · #469799837 ]
1v1 RMBulgarians vs Poles
Player's team · LOSS
Rival team · WIN
[ REPLAY ANALYSIS · EXTRACTED FROM THE RECORDED GAME ]
Feudal
9:50
Castle
22:53
Imperial
—
| APM avg | 40.6 |
| APM peak | 81 |
| eAPM avg | 17.0 |
| Villagers / military | 44 / 27 |
Focus
⚔️ 36.2% · 🌾 63.8%
Spearman ×13 · Militia ×5 · Archer ×5 · Skirmisher ×4
Feudal
8:53
Castle
21:48
Imperial
—
| APM avg | 45.6 |
| APM peak | 74 |
| eAPM avg | 19.5 |
| Villagers / military | 60 / 32 |
Focus
⚔️ 35.2% · 🌾 64.8%
Knight ×19 · Archer ×13
Match map
Resources at game start + every placement click. Thick line = wall · dashed box = detected house wall. 🟡 gold · ⚪ stone · 🟢 berries · 🔶 boar · ⭕ relic
Inputs per minute
— Elite Villager - - Holzhacker987
Build order — Elite Villager
148 actions detected in the replay
| 0:01 | Create | Villager (Male) |
| 0:01 | Create | Villager (Male) |
| 0:01 | Create | Villager (Male) |
| 0:03 | Build | House |
| 0:04 | Build | House |
| 0:16 | Create | Villager (Male) |
| 1:37 | Create | Villager (Male) |
| 1:59 | Create | Villager (Male) |
| 2:19 | Create | Villager (Male) |
| 2:34 | Build | Lumber Camp |
| 2:48 | Create | Villager (Male) |
| 3:12 | Create | Villager (Male) |
| 3:24 | Build | House |
| 3:44 | Create | Villager (Male) |
| 4:15 | Create | Villager (Male) |
| 4:23 | Create | Villager (Male) |
| 5:07 | Create | Villager (Male) |
| 5:28 | Create | Villager (Male) |
| 5:39 | Build | Barracks |
| 5:58 | Create | Villager (Male) |
| 6:04 | Build | House |
| 6:20 | Create | Villager (Male) |
| 6:50 | Create | Villager (Male) |
| 6:51 | Research | Loom |
| 7:16 | Build | Mill |
| 7:39 | Research | Feudal Age |
| 8:02 | Create | Militia |
| 8:03 | Create | Militia |
| 8:40 | Create | Militia |
| 9:06 | Build | Mill |
| 9:10 | Create | Militia |
| 9:43 | Create | Villager (Male) |
| 9:50 | Age | Feudal Age |
| 9:58 | Build | Archery Range |
| 10:16 | Create | Spearman |
| 10:20 | Build | House |
| 10:31 | Build | Palisade Wall |
| 10:32 | Create | Villager (Male) |
| 10:46 | Build | Mining Camp |
| 11:00 | Create | Villager (Male) |
| 11:04 | Build | Farm |
| 11:06 | Build | Farm |
| 11:08 | Build | Farm |
| 11:12 | Create | Skirmisher |
| 11:32 | Create | Villager (Male) |
| 11:39 | Research | Double-Bit Axe |
| 11:49 | Build | Blacksmith |
| 11:54 | Build | Palisade Wall |
| 12:02 | Build | House |
| 12:04 | Build | Palisade Wall |
| 12:05 | Create | Villager (Male) |
| 12:22 | Create | Villager (Male) |
| 12:33 | Create | Archer |
| 12:35 | Build | Farm |
| 12:58 | Build | Palisade Wall |
| 13:04 | Create | Villager (Male) |
| 13:05 | Create | Archer |
| 13:11 | Build | Palisade Wall |
| 13:25 | Create | Villager (Male) |
| 13:48 | Build | House |
| 14:08 | Create | Villager (Male) |
| 14:52 | Create | Skirmisher |
| 14:58 | Create | Villager (Male) |
| 15:06 | Build | Lumber Camp |
| 15:09 | Create | Skirmisher |
| 15:13 | Build | House |
| 15:38 | Create | Skirmisher |
| 15:40 | Build | Farm |
| 15:43 | Build | Farm |
| 15:57 | Create | Villager (Male) |
| 16:15 | Research | Fletching |
| 16:19 | Create | Villager (Male) |
| 16:24 | Build | Farm |
| 16:34 | Build | Palisade Wall |
| 16:36 | Create | Villager (Male) |
| 16:38 | Build | Farm |
| 16:40 | Build | Farm |
| 16:58 | Create | Archer |
| 17:11 | Create | Villager (Male) |
| 17:19 | Build | House |
| 17:26 | Create | Villager (Male) |
| 17:35 | Research | Padded Archer Armor |
| 17:36 | Create | Villager (Male) |
| 17:39 | Build | Farm |
| 17:42 | Build | Farm |
| 17:45 | Build | Farm |
| 17:48 | Build | Farm |
| 17:52 | Build | Farm |
| 18:31 | Create | Archer |
| 18:32 | Create | Archer |
| 18:46 | Create | Villager (Male) |
| 19:06 | Build | Market |
| 19:13 | Build | Farm |
| 19:14 | Create | Villager (Male) |
| 19:17 | Build | House |
| 20:13 | Research | Castle Age |
| 20:35 | Build | Mining Camp |
| 22:34 | Create | Villager (Male) |
| 22:34 | Create | Villager (Male) |
| 22:53 | Age | Castle Age |
| 22:58 | Build | Town Center |
| 23:03 | Build | Palisade Wall |
| 23:07 | Build | Palisade Wall |
| 23:09 | Build | Palisade Wall |
| 23:21 | Create | Villager (Male) |
| 23:29 | Create | Spearman |
| 23:33 | Create | Spearman |
| 23:41 | Research | Scale Mail Armor |
| 23:58 | Build | Stone Wall |
| 24:02 | Build | Stone Wall |
| 24:12 | Build | Stone Wall |
| 24:16 | Build | House |
| 24:18 | Build | Stone Wall |
| 24:19 | Build | House |
| 24:26 | Build | Stone Wall |
| 24:28 | Build | House |
| 24:33 | Build | Stone Wall |
| 24:34 | Create | Villager (Male) |
| 24:34 | Create | Villager (Male) |
| 24:45 | Create | Spearman |
| 24:49 | Build | Barracks |
| 24:56 | Build | Farm |
| 25:14 | Build | House |
| 25:15 | Build | House |
| 25:24 | Create | Spearman |
| 25:24 | Create | Spearman |
| 25:35 | Create | Spearman |
| 25:35 | Create | Spearman |
| 25:35 | Create | Militia |
| 25:36 | Create | Villager (Male) |
| 25:38 | Research | Pikeman (upgrade) |
| 25:55 | Build | House |
| 25:57 | Build | House |
| 26:07 | Create | Spearman |
| 26:07 | Create | Spearman |
| 26:16 | Create | Villager (Male) |
| 26:31 | Create | Spearman |
| 26:41 | Build | Farm |
| 26:41 | Build | Farm |
| 26:41 | Build | Farm |
| 26:41 | Build | Farm |
| 26:42 | Build | Farm |
| 26:42 | Build | Farm |
| 26:42 | Build | Farm |
| 26:55 | Create | Spearman |
| 26:55 | Create | Spearman |
| 26:56 | Create | Villager (Male) |
| 26:56 | Create | Villager (Male) |
Build order — Holzhacker987
First 150 of 167 actions detected
| 0:00 | Create | Villager (Male) |
| 0:01 | Create | Villager (Male) |
| 0:01 | Create | Villager (Male) |
| 0:01 | Create | Villager (Male) |
| 0:03 | Build | House |
| 0:04 | Build | House |
| 1:25 | Create | Villager (Male) |
| 1:26 | Create | Villager (Male) |
| 2:00 | Build | Lumber Camp |
| 2:01 | Create | Villager (Male) |
| 2:01 | Create | Villager (Male) |
| 2:18 | Create | Villager (Male) |
| 2:49 | Create | Villager (Male) |
| 3:19 | Create | Villager (Male) |
| 3:20 | Create | Villager (Male) |
| 3:22 | Create | Villager (Male) |
| 3:22 | Create | Villager (Male) |
| 3:26 | Build | House |
| 3:27 | Build | House |
| 3:46 | Create | Villager (Male) |
| 4:38 | Create | Villager (Male) |
| 4:38 | Create | Villager (Male) |
| 4:40 | Create | Villager (Male) |
| 4:46 | Build | Mill |
| 5:29 | Create | Villager (Male) |
| 6:11 | Research | Loom |
| 6:43 | Research | Feudal Age |
| 7:08 | Build | House |
| 7:11 | Build | Palisade Wall |
| 7:28 | Build | Palisade Wall |
| 7:34 | Build | Palisade Wall |
| 8:37 | Create | Villager (Male) |
| 8:48 | Build | Palisade Wall |
| 8:50 | Build | Palisade Wall |
| 8:51 | Build | Palisade Wall |
| 8:53 | Age | Feudal Age |
| 8:54 | Build | Palisade Wall |
| 9:02 | Build | Barracks |
| 9:04 | Create | Villager (Male) |
| 9:13 | Build | Palisade Wall |
| 9:14 | Build | Palisade Wall |
| 9:33 | Create | Villager (Male) |
| 9:38 | Build | Mining Camp |
| 9:52 | Build | Palisade Wall |
| 9:58 | Create | Villager (Male) |
| 10:04 | Build | Archery Range |
| 10:07 | Research | Double-Bit Axe |
| 10:07 | Research | Double-Bit Axe |
| 10:20 | Create | Villager (Male) |
| 10:25 | Research | Horse Collar |
| 10:26 | Research | Horse Collar |
| 10:39 | Build | House |
| 10:49 | Create | Villager (Male) |
| 10:58 | Create | Archer |
| 11:05 | Build | House |
| 11:11 | Build | Farm |
| 11:25 | Create | Villager (Male) |
| 11:34 | Build | House |
| 11:37 | Create | Archer |
| 11:47 | Create | Villager (Male) |
| 11:56 | Build | Blacksmith |
| 12:05 | Create | Villager (Male) |
| 12:10 | Build | Farm |
| 12:13 | Create | Archer |
| 12:26 | Build | Farm |
| 12:34 | Create | Archer |
| 12:41 | Create | Villager (Male) |
| 12:46 | Build | Farm |
| 12:49 | Create | Villager (Male) |
| 13:00 | Research | Fletching |
| 13:00 | Research | Fletching |
| 13:22 | Build | Mill |
| 13:27 | Build | Farm |
| 13:33 | Create | Archer |
| 13:41 | Create | Villager (Male) |
| 13:43 | Create | Villager (Male) |
| 13:59 | Build | Farm |
| 14:02 | Build | Farm |
| 14:10 | Create | Villager (Male) |
| 14:18 | Create | Villager (Male) |
| 14:44 | Create | Archer |
| 14:44 | Create | Archer |
| 14:44 | Create | Archer |
| 14:46 | Create | Villager (Male) |
| 15:04 | Create | Archer |
| 15:04 | Create | Archer |
| 15:10 | Build | Farm |
| 15:11 | Build | Farm |
| 15:18 | Create | Archer |
| 15:33 | Create | Villager (Male) |
| 15:45 | Create | Villager (Male) |
| 16:01 | Create | Villager (Male) |
| 16:17 | Build | Farm |
| 16:20 | Build | Farm |
| 16:21 | Create | Villager (Male) |
| 16:26 | Create | Archer |
| 16:36 | Build | Mill |
| 16:39 | Create | Villager (Male) |
| 16:56 | Create | Villager (Male) |
| 17:01 | Build | Watch Tower |
| 17:09 | Build | Farm |
| 17:13 | Build | Farm |
| 17:14 | Build | Farm |
| 17:15 | Build | Farm |
| 17:18 | Build | Farm |
| 17:19 | Build | Farm |
| 17:25 | Build | Farm |
| 17:37 | Build | Farm |
| 17:42 | Create | Archer |
| 18:10 | Build | House |
| 18:13 | Build | Palisade Wall |
| 18:55 | Create | Villager (Male) |
| 19:08 | Research | Castle Age |
| 19:08 | Research | Castle Age |
| 19:12 | Build | House |
| 19:15 | Build | House |
| 19:20 | Build | Stable |
| 19:22 | Build | Stable |
| 20:04 | Build | Lumber Camp |
| 20:27 | Research | Bloodlines |
| 20:29 | Research | Scale Barding Armor |
| 20:30 | Research | Forging |
| 21:00 | Build | House |
| 21:48 | Age | Castle Age |
| 21:51 | Create | Knight |
| 21:52 | Create | Knight |
| 22:45 | Create | Villager (Male) |
| 22:46 | Create | Knight |
| 22:46 | Create | Knight |
| 22:48 | Create | Villager (Male) |
| 23:01 | Research | Chain Barding Armor |
| 23:04 | Create | Knight |
| 23:05 | Create | Knight |
| 23:21 | Build | Mining Camp |
| 23:23 | Create | Villager (Male) |
| 23:29 | Create | Villager (Male) |
| 23:38 | Create | Knight |
| 23:38 | Create | Knight |
| 23:40 | Create | Villager (Male) |
| 23:50 | Create | Knight |
| 23:50 | Create | Knight |
| 23:52 | Create | Villager (Male) |
| 24:09 | Create | Knight |
| 24:32 | Create | Knight |
| 24:38 | Create | Villager (Male) |
| 24:43 | Build | Siege Workshop |
| 24:46 | Create | Villager (Male) |
| 24:47 | Create | Villager (Male) |
| 24:56 | Research | Bow Saw |
| 24:58 | Create | Knight |
Match timeline
| 5:39 | Elite Villager · first_building Barracks |
| 7:11 | Holzhacker987 · wall_segment Palisade Wall x3 |
| 7:28 | Holzhacker987 · wall_segment Palisade Wall x6 |
| 7:34 | Holzhacker987 · wall_segment Palisade Wall x3 |
| 8:48 | Holzhacker987 · wall_segment Palisade Wall x1 |
| 8:50 | Holzhacker987 · wall_segment Palisade Wall x1 |
| 8:51 | Holzhacker987 · wall_segment Palisade Wall x1 |
| 8:53 | Holzhacker987 · age_up feudal |
| 8:54 | Holzhacker987 · wall_segment Palisade Wall x1 |
| 9:02 | Holzhacker987 · first_building Barracks |
| 9:13 | Holzhacker987 · wall_segment Palisade Wall x7 |
| 9:14 | Holzhacker987 · wall_segment Palisade Wall x4 |
| 9:50 | Elite Villager · age_up feudal |
| 9:52 | Holzhacker987 · wall_segment Palisade Wall x17 |
| 9:58 | Elite Villager · first_building Archery Range |
| 10:04 | Holzhacker987 · first_building Archery Range |
| 10:31 | Elite Villager · wall_segment Palisade Wall x7 |
| 11:54 | Elite Villager · wall_segment Palisade Wall x6 |
| 12:04 | Elite Villager · wall_segment Palisade Wall x4 |
| 12:58 | Elite Villager · wall_segment Palisade Wall x1 |
| 13:11 | Elite Villager · wall_segment Palisade Wall x14 |
| 16:34 | Elite Villager · wall_segment Palisade Wall x5 |
| 18:13 | Holzhacker987 · wall_segment Palisade Wall x2 |
| 19:20 | Holzhacker987 · first_building Stable |
| 20:13 | Elite Villager · first_market_sell 100 food |
| 21:48 | Holzhacker987 · age_up castle |
| 22:53 | Elite Villager · age_up castle |
| 23:03 | Elite Villager · wall_segment Palisade Wall x1 |
| 23:07 | Elite Villager · wall_segment Palisade Wall x1 |
| 23:09 | Elite Villager · wall_segment Palisade Wall x1 |
| 23:58 | Elite Villager · wall_segment Stone Wall x1 |
| 24:02 | Elite Villager · wall_segment Stone Wall x1 |
| 24:12 | Elite Villager · wall_segment Stone Wall x1 |
| 24:18 | Elite Villager · wall_segment Stone Wall x1 |
| 24:26 | Elite Villager · wall_segment Stone Wall x1 |
| 24:33 | Elite Villager · wall_segment Stone Wall x1 |
| 24:43 | Holzhacker987 · first_building Siege Workshop |
| 27:17 | Elite Villager · resign |
[ AI ANALYSIS · 1 CREDIT ]
What really happened in this match?
Wolo.gg analyzes every decision: build order, eco, micro, common mistakes by bracket. Personalized analysis on WhatsApp or Discord in 30 seconds.
Civ guide
Bulgarians
Map guide
Arabia
Perfil
Jugador #4570413